 Dungeon Crawl Stone Soup version 0.25-a0-1118-g1a081956a1 (webtiles) character file.

Game seed: 10150823105357067928, levelgen mode: deterministic

26757 Zarvinstril the Geomancer (level 13, -12/78 HPs)
             Began as a Gargoyle Earth Elementalist on May 17, 2020.
             Was a High Priest of Vehumet.
             Hit by a large rock thrown by a cyclops (25 damage)
             ... on level 13 of the Dungeon.
             The game lasted 00:39:29 (18439 turns).

Zarvinstril the Geomancer (GrEE)                   Turns: 18439, Time: 00:39:30

Health: -12/78     AC: 23    Str: 14    XL:     13   Next: 28%
Magic:  10/25      EV: 14    Int: 19    God:    Vehumet [*****.]
Gold:   800        SH:  0    Dex: 10    Spells: 3/28 levels left

rFire    . . .     SeeInvis .   F - +6 flail
rCold    . . .     Gourm    .   (no shield)
rNeg     + + .     Faith    .   c - +0 robe
rPois    ∞         Spirit   .   A - +2 helmet
rElec    +         Reflect  .   a - +2 cloak
rCorr    .         Harm     .   (no gloves)
MR       +....                  b - +2 pair of boots
Stlth    +++.......             x - amulet of the acrobat
HPRegen  0.23/turn              l - ring of positive energy
MPRegen  0.19/turn              z - ring of protection from magic

@: no status effects
A: thin metallic scales 1, camouflage 1, negative energy resistance 1,
electricity resistance, unbreathing, petrification resistance, rot immunity,
MP-powered wands, AC +9
a: Renounce Religion


You were on level 13 of the Dungeon.
You worshipped Vehumet.
Vehumet was extremely pleased with you.
You were very hungry.

You visited 2 branches of the dungeon, and saw 14 of its levels.

You collected 800 gold pieces.

Inventory:

Hand Weapons
 i - a +0 short sword
 t - a +1 flail of protection
 F - a +6 flail (weapon)
Missiles
 f - 32 stones (quivered)
 q - 3 throwing nets
Armour
 a - a +2 cloak (worn)
 b - a +2 pair of boots (worn)
 c - a +0 robe (worn)
 u - the +2 ratskin cloak {+Rats rPois rN+ Str-1 Int-1 Dex+1}
   (You found it on level 6 of the Dungeon)

   It affects your strength (-1).
   It affects your intelligence (-1).
   It affects your dexterity (+1).
   It protects you from poison.
   It protects you from negative energy.
 A - a +2 helmet (worn)
Jewellery
 j - an uncursed ring of ice
 l - a ring of positive energy (left hand)
 o - an uncursed amulet of reflection
 x - an amulet of the acrobat (around neck)
 z - a ring of protection from magic (right hand)
Wands
 e - a wand of clouds (8)
 v - a wand of iceblast (7)
 y - a wand of random effects (18)
Scrolls
 k - 2 scrolls of magic mapping
 p - 4 scrolls of teleportation
 w - 2 scrolls of remove curse
 B - 2 scrolls of identify
 E - 3 scrolls of amnesia
Potions
 g - 3 potions of brilliance
 h - 5 potions of stabbing
 m - 4 potions of curing
 n - a potion of resistance
 r - 2 potions of lignification
 s - a potion of mutation
 C - a potion of berserk rage
Comestibles
 d - 16 rations


   Skills:
 + Level 8.0 Fighting
 + Level 7.6 Maces & Flails
 - Level 6.0 Armour
 + Level 6.4 Dodging
 - Level 2.1 Stealth
 + Level 8.4 Spellcasting
 + Level 9.4 Conjurations
   Level 0.7 Transmutations
 * Level 4.5 Fire Magic
 + Level 11.1 Earth Magic
 - Level 6.0 Evocations


You had 3 spell levels left.
You knew the following spells:

 Your Spells              Type           Power        Failure   Level  Hunger
a - Sandblast             Erth           ######       1%          1    None
b - Stone Arrow           Conj/Erth      #####.       1%          3    None
c - Lee's Rapid Deconstr  Erth           ######....   1%          5    #####..
d - Iron Shot             Conj/Erth      #####.....   5%          6    ######.
e - Bolt of Magma         Conj/Fire/Erth #####.....   2%          5    #####..
f - Fireball              Conj/Fire      ####......   4%          5    #####..

Your spell library contained the following spells:

 Spells                   Type           Power        Failure   Level  Hunger
 Magic Dart               Conj           ####         1%          1    None
 Passwall                 Tmut/Erth      ####....     1%          2    None
 Searing Ray              Conj           #####.       1%          2    None
 Dazzling Flash           Conj/Hex       ####..       1%          3    None
 Fulminant Prism          Conj/Hex       ####......   3%          4    ###....
 Iskenderun's Mystic Bla  Conj/Tloc      ####....     3%          4    ###....
 Petrify                  Tmut/Erth      ####....     8%          4    ###....
 Iskenderun's Battlesphe  Conj/Chrm      ####....     10%         5    #####..
 Orb of Destruction       Conj           #####.....   36%         7    #######
 Spellforged Servitor     Conj/Summ      ####......   92%         7    #######


Dungeon Overview and Level Annotations

Branches:
Dungeon (13/15)            Temple (1/1) D:5            Lair (0/6) D:8
    Orc (0/2) D:12
 Vaults: D:13-14

Altars:
Ashenzari
Elyvilon
Gozag
Makhleb
Nemelex Xobeh
Okawaru
Qazlal
Sif Muna
Uskayaw
Vehumet
Xom
Yredelemnul

Shops:
D:8 :   D:12 [

Annotations:
D:7 1 runed translucent door, kelmiir's ghost, novice MiBe
D:8 Prince Ribbit
D:9 3 runed translucent doors, Askman's ghost, novice TrMo


Innate Abilities, Weirdness & Mutations

You are resistant to torment.
Your stone body is resilient. (AC +9)
You are immune to poison.
You resist negative energy. (rN+)
You are resistant to electric shocks. (rElec)
You can survive without breathing.
You are immune to petrification.
You are immune to rotting.
You are partially covered in thin metallic scales. (AC +2)
Your skin changes colour to match your surroundings (Stealth+).
You expend magic power (3 MP) to strengthen your wands.


Message History

Confirm with . or Enter, or press ? or * to list all spells.
Aiming: Lee's Rapid Deconstruction (dangerous; 1% risk of failure)
Press: ? - help, Dir - move target cursor An open door.
The stone door frame shatters!
The blast of rock fragments hits the cyclops!!
The cyclops is heavily wounded.
You are feeling very hungry.
The cyclops throws a large rock.
The large rock hits you!!
* * * LOW HITPOINT WARNING * * *
Casting: Lee's Rapid Deconstruction (dangerous; 1% risk of failure)
Confirm with . or Enter, or press ? or * to list all spells.
Aiming: Lee's Rapid Deconstruction (dangerous; 1% risk of failure)
Press: ? - help, Dir - move target cursor An open door.
The stone door frame shatters!
The blast of rock fragments hits the cyclops!
The cyclops is severely wounded.
The cyclops throws a large rock.
The large rock hits you!!
You die...

####.........####...#...........#
............ #......#...........#
............ #......#...........#
....†....... #......#...........#
............ #......#........####
............ #......#........#...
............ #......#........#...
....######## #......#........#...
....# #..@...)......#'#... ....#
#.+......#C.....#..... #...#
#.#..%...#..(...##'### #...#
#.#......#...........# #...#
#.########........)..# #...#
##....................# #...#
#.....................#
#...#######......................
#......[.........................


You could see a cyclops.

Vanquished Creatures
  Snorg (D:11)
  Harold (D:8)
  3 hydras
  Erica (D:9)
  A centaur warrior (D:13)
  4 two-headed ogres
  2 tengu warriors (D:12)
  A skeletal warrior (D:10)
  3 unseen horrors
  3 deep elf magi
  6 ugly things
  2 cyclopes
  Joseph (D:9)
  Maurice (D:8)
  Psyche (D:11)
  A centaur skeleton (D:12)
  3 trolls
  2 hornets
  5 hippogriffs
  Sigmund (D:6)
  A shadow (D:10)
  A vampire (D:10)
  A wraith (D:13)
  5 yaks (D:13)
  A steam dragon (D:12)
  3 hungry ghosts
  A soldier ant (D:8)
  2 acid dragons
  A water moccasin (D:13)
  2 wargs (D:8)
  6 orc warriors
  3 sky beasts
  Duvessa (D:7)
  A necrophage (D:10)
  2 ice beasts (D:8)
  2 eyes of draining
  2 phantoms
  10 ogres
  10 centaurs
  A big kobold (D:10)
  3 bullfrogs
  Dowan (D:7)
  A wyvern zombie (D:9)
  2 scorpions
  4 killer bees (D:10)
  8 wights
  A howler monkey (D:10)
  An electric eel (D:11)
  4 crimson imps
  A bullfrog zombie (D:7)
  3 bullfrog skeletons
  7 jellies
  9 orc priests
  7 hounds
  3 iguanas
  15 orc wizards
  6 worker ants
  A hell rat (D:6)
  3 hound skeletons
  A worker ant zombie (D:6)
  14 adders
  6 river rats (D:6)
  3 shadow imps
  An ooze (D:7)
  An adder skeleton (D:8)
  4 worms
  5 leopard geckos
  47 orcs
  9 bats
  6 giant cockroaches
  7 goblins
  11 hobgoblins
  12 jackals
  9 quokkas
  6 frilled lizards
  12 kobolds
  2 quokka skeletons (D:4)
  25 rats
360 creatures vanquished.

Vanquished Creatures (collateral kills)
  A worker ant (D:6)
1 creature vanquished.

Vanquished Creatures (others)
  An orc warrior (D:10)
  A centaur (D:9)
  A bush (D:12)
  A fungus (D:9)
  7 plants
11 creatures vanquished.

Grand Total: 372 creatures vanquished

Notes
Turn   | Place    | Note
-------+----------+-------------------------------------------
     0 | D:1      | Zarvinstril the Gargoyle Earth Elementalist began the quest
                  | for the Orb.
     0 | D:1      | Reached XP level 1. HP: 10/10 MP: 3/3
   222 | D:1      | You fall into a shaft and drop 1 floor!
   294 | D:1      | Reached XP level 2. HP: 15/15 MP: 0/5
   462 | D:1      | Reached skill level 4 in Earth Magic
  1342 | D:2      | Found a stormy altar of Qazlal.
  1390 | D:2      | Reached XP level 3. HP: 16/19 MP: 6/6
  1395 | D:2      | Learned a level 3 spell: Stone Arrow
  1466 | D:2      | Gained mutation: Your skin changes colour to match your
                  | surroundings (Stealth+). [potion of mutation]
  1466 | D:2      | Gained mutation: You are partially covered in thin metallic
                  | scales. (AC +2) [potion of mutation]
  1466 | D:2      | Gained mutation: You expend magic power (3 MP) to
                  | strengthen your wands. [potion of mutation]
  1839 | D:2      | Reached skill level 1 in Conjurations
  1958 | D:2      | Reached XP level 4. HP: 24/24 MP: 5/8
  1990 | D:2      | Found a sparkling altar of Nemelex Xobeh.
  1990 | D:2      | Found an opulent altar of Gozag.
  2573 | D:3      | You fall into a shaft and drop 1 floor!
  2592 | D:4      | Reached skill level 5 in Earth Magic
  2619 | D:4      | Reached XP level 5. HP: 23/28 MP: 2/10
  3260 | D:3      | Learned a level 5 spell: Lee's Rapid Deconstruction
  3570 | D:4      | Found a white marble altar of Elyvilon.
  3581 | D:4      | Reached XP level 6. HP: 32/32 MP: 8/11
  3643 | D:4      | Found a hide-covered altar of Uskayaw.
  4221 | D:4      | Reached skill level 6 in Earth Magic
  4508 | D:4      | Noticed a phantom
  4549 | D:4      | Killed a phantom
  4549 | D:4      | Reached XP level 7. HP: 35/36 MP: 4/13
  5026 | D:5      | Entered Level 5 of the Dungeon
  5043 | D:5      | Found a staircase to the Ecumenical Temple.
  5050 | Temple   | Entered the Ecumenical Temple
  5058 | Temple   | Became a worshipper of Vehumet
  5509 | D:5      | Found an iron altar of Okawaru.
  6644 | D:6      | Reached skill level 7 in Earth Magic
  6798 | D:6      | Reached XP level 8. HP: 40/42 MP: 15/15
  6991 | D:6      | Reached * piety under Vehumet
  6991 | D:6      | Offered knowledge of Magic Dart by Vehumet.
  6991 | D:6      | Reached skill level 1 in Fighting
  7011 | D:6      | Found the +2 ratskin cloak {+Rats rPois rN+ Str-1 Int-1
                  | Dex+1}
  7027 | D:6      | Reached skill level 1 in Maces & Flails
  7102 | D:6      | Reached skill level 5 in Spellcasting
  7328 | D:6      | Reached skill level 1 in Armour
  7328 | D:6      | Reached skill level 1 in Evocations
  7657 | D:6      | Reached skill level 5 in Conjurations
  7757 | D:5      | Found a shimmering altar of Xom.
  8003 | D:6      | Noticed Sigmund
  8007 | D:6      | Killed Sigmund
  8635 | D:7      | Reached XP level 9. HP: 49/49 MP: 15/17
  8948 | D:7      | Noticed Dowan
  8949 | D:7      | Noticed Duvessa
  8968 | D:7      | Killed Duvessa
  8977 | D:7      | Killed Dowan
  8977 | D:7      | Offered knowledge of Freeze by Vehumet.
  9023 | D:7      | Reached ** piety under Vehumet
  9317 | D:7      | Reached skill level 8 in Earth Magic
  9600 | D:7      | Found a runed translucent door.
  9600 | D:7      | Noticed kelmiir's ghost (novice MiBe)
 10654 | D:8      | Noticed a hornet
 10658 | D:8      | Killed a hornet
 10658 | D:8      | Reached XP level 10. HP: 39/56 MP: 5/19
 10815 | D:8      | Offered knowledge of Frozen Ramparts by Vehumet.
 10918 | D:8      | Noticed Maurice
 10942 | D:8      | Killed Maurice
 10942 | D:8      | Reached *** piety under Vehumet
 11230 | D:8      | Found a staircase to the Lair.
 11324 | D:8      | Noticed Harold
 11338 | D:8      | Killed Harold
 11526 | D:8      | Found Oritakei's Book Shoppe.
 11788 | D:8      | Got a wavering graven amulet
 11790 | D:8      | Identified the amulet "Liecluho" {Inacc Str+3} (You found
                  | it on level 8 of the Dungeon)
 11853 | D:8      | Reached skill level 5 in Armour
 11855 | D:8      | Noticed Prince Ribbit
 11971 | D:8      | Found a shattered altar of Ashenzari.
 12120 | D:9      | Found a basalt altar of Yredelemnul.
 12131 | D:9      | Found a runed translucent gate.
 12132 | D:9      | Found a runed translucent gate.
 12132 | D:9      | Identified the +6 dagger of Classification {elec, rElec rC-
                  | rN+ Str+6}
 12132 | D:9      | Noticed a kobold demonologist
 12133 | D:9      | Found a runed translucent gate.
 12133 | D:9      | Noticed Askman's ghost (novice TrMo)
 12134 | D:9      | Noticed a kobold demonologist
 12149 | D:9      | Reached skill level 9 in Earth Magic
 12465 | D:9      | Noticed Erica
 12495 | D:9      | Killed Erica
 12495 | D:9      | Reached skill level 5 in Fighting
 12685 | D:9      | Noticed Joseph
 12811 | D:9      | Reached XP level 11. HP: 63/63 MP: 17/21
 12835 | D:9      | Killed Joseph
 12835 | D:9      | Offered knowledge of Hailstorm by Vehumet.
 13003 | D:9      | Found a shimmering blue altar of Sif Muna.
 13022 | D:9      | Identified Sif Muna's Handbook of the Six Songs
 13089 | D:9      | Noticed a two-headed ogre
 13098 | D:9      | Killed a two-headed ogre
 13098 | D:9      | Reached skill level 5 in Maces & Flails
 13320 | D:9      | Noticed a two-headed ogre
 13326 | D:9      | Killed a two-headed ogre
 13547 | D:10     | Entered Level 10 of the Dungeon
 13705 | D:10     | Reached **** piety under Vehumet
 13978 | D:10     | Killed an unseen horror
 13978 | D:10     | Offered knowledge of Fulminant Prism by Vehumet.
 14176 | D:10     | Noticed a five-headed hydra
 14186 | D:10     | Reached skill level 5 in Evocations
 14187 | D:10     | Killed a five-headed hydra
 14187 | D:10     | Reached skill level 5 in Dodging
 14244 | D:10     | Noticed a skeletal warrior
 14248 | D:10     | Noticed a deep elf mage
 14250 | D:10     | Killed a skeletal warrior
 14252 | D:10     | Noticed a seven-headed hydra
 14256 | D:10     | Killed a deep elf mage
 14256 | D:10     | Reached skill level 10 in Earth Magic
 14257 | D:10     | Killed a seven-headed hydra
 14313 | D:10     | Reached XP level 12. HP: 42/71 MP: 16/23
 14974 | D:11     | Noticed Snorg
 14979 | D:11     | Killed Snorg
 15641 | D:11     | Noticed a two-headed ogre
 15649 | D:11     | Killed a two-headed ogre
 16010 | D:11     | Noticed Psyche
 16015 | D:11     | Killed Psyche
 16356 | D:12     | Learned a level 6 spell: Iron Shot
 16362 | D:12     | Learned a level 5 spell: Bolt of Magma
 16375 | D:12     | Found Noib's Armour Shop.
 16593 | D:12     | Reached skill level 1 in Fire Magic
 16931 | D:12     | Noticed a tengu warrior
 16934 | D:12     | Noticed a tengu warrior
 16946 | D:12     | Killed a tengu warrior
 16949 | D:12     | Killed a tengu warrior
 17155 | D:12     | Found a staircase to the Orcish Mines.
 17320 | D:13     | Noticed a two-headed ogre
 17327 | D:13     | Killed a two-headed ogre
 17672 | D:13     | Reached XP level 13. HP: 77/78 MP: 10/25
 17978 | D:13     | Reached skill level 11 in Earth Magic
 18353 | D:13     | Reached ***** piety under Vehumet
 18366 | D:13     | Offered knowledge of Fireball by Vehumet.
 18378 | D:13     | Learned a level 5 spell: Fireball
 18439 | D:13     | Hit by a large rock thrown by a cyclops

Illustrated notes

Levels and vault maps discovered:
D:1:      dpeg_arrival_renting, layout_rooms, minmay_unequal
D:2:      layout_basic, grunt_temple_overflow_opulence,
          nicolae_overflow_crystal_walls
D:3:      layout_basic
D:4:      layout_layer_cave, elyvilon_altar_5, kennysheep_mini, first_ration,
          kennysheep_flooded_box, chequers_avenue
D:5:      lemuel_upstairs_altar, layout_basic, lemuel_round_altar,
          minmay_temple_entry_hall
D:6:      wander_guarded_unrand_ratskin, layout_loops_corners, uniq_sigmund
D:7:      layout_basic, ebering_ghost_reflecting_pool, uniq_duvessa
D:8:      layout_gridville, erik_lair_orcish_takeover, serial_shops, shop,
          hangedman_pestilent_swarm, cheibrodos_ashenzari_chains, uniq_maurice,
          uniq_prince_ribbit1, uniq_harold
D:9:      layout_loops_ring, led_sif_book, yredelemnul_altar_generic,
          gammafunk_ghost_nasty_kobolds, uniq_joseph, uniq_erica
D:10:     layout_rooms, minivault_28
D:11:     layout_basic, uniq_psyche, uniq_snorg
D:12:     minmay_spotlight, layout_rooms, orc_0_dummy, serial_shops, shop_coins,
          serial_bayou_pond_c, kb_lookout_dungeons_type
D:13:     layout_irregular_city
Temple:   dpeg_chambers_temple

Skill      XL: |  1  2  3  4  5  6  7  8  9 10 11 12 13 |
---------------+----------------------------------------+-----
Earth Magic    | 4 5 6 7 8 9 10 11 | 11.1
Conjurations   | 1 2 3 4 5 6 7 8 9 |  9.4
Spellcasting   | 3 4 5 6 7 8 |  8.4
Fighting       | 2 4 5 6 7 8 |  8.0
Maces & Flails | 2 3 4 6 7 |  7.6
Armour         | 2 3 5 6 |  6.0
Dodging        | 2 3 4 5 6 |  6.4
Evocations     | 2 3 4 5 6 |  6.0
Fire Magic     | 3 4 |  4.5
Stealth        | |  2.1
Transmutations | |  0.7

Action                   |  1- 3 |  4- 6 |  7- 9 | 10-12 | 13-15 || total
-------------------------+-------+-------+-------+-------+-------++-------
Melee: Unarmed           |    22 |       |       |       |       ||    22
       Short sword       |   126 |   207 |   495 |     8 |       ||   836
       Flail             |       |       |       |   236 |    32 ||   268
 Cast: Sandblast         |    28 |    42 |    44 |    74 |    36 ||   224
       Stone Arrow       |       |     5 |    50 |   173 |     5 ||   233
       Lee's Rapid Decon |       |       |     4 |    14 |     7 ||    25
       Iron Shot         |       |       |       |     5 |     1 ||     6
 Abil: Evoke Ratskin     |       |       |     1 |       |       ||     1
Evoke: Wand              |       |       |    15 |    29 |     1 ||    45
  Use: Scroll            |     6 |     4 |     8 |     8 |     2 ||    28
       Potion            |     1 |       |     2 |     5 |       ||     8
 Stab: Sleeping          |     3 |     7 |    13 |     3 |     1 ||    27
       Distracted        |       |       |     1 |       |       ||     1
  Eat: Chunk             |     4 |     7 |    20 |    21 |     3 ||    55
       Ration            |       |       |     2 |     4 |       ||     6
Armor: Robe              |    79 |    73 |   230 |   227 |    37 ||   646
Dodge: Dodged            |   122 |   140 |   302 |   274 |    48 ||   886
Block: Other             |       |    31 |   124 |    11 |       ||   166
       Reflection        |       |       |     1 |       |       ||     1

Table legend:
 A = Non-vault XP
 B = Vault XP
 C = Vault XP percentage of total XP
 D = Non-vault monster count
 E = Vault monster count
 F = Vault count percentage of total count
                 A         B        C        D         E       F
            +---------+---------+-------+---------+---------+-------
      Total |   26664 |   11561 |  30.2 |     299 |      62 |  17.2
            +---------+---------+-------+---------+---------+-------
        D:1 |      25 |       4 |  13.8 |      18 |       2 |  10.0
        D:2 |      70 |       0 |   0.0 |      31 |       0 |   0.0
        D:3 |     109 |       0 |   0.0 |      25 |       0 |   0.0
        D:4 |     460 |       0 |   0.0 |      19 |       0 |   0.0
        D:5 |     157 |       0 |   0.0 |       8 |       0 |   0.0
        D:6 |    1097 |     345 |  23.9 |      30 |      22 |  42.3
        D:7 |    1364 |     213 |  13.5 |      36 |       2 |   5.3
        D:8 |    1360 |    2544 |  65.2 |      28 |      15 |  34.9
        D:9 |    2926 |    1499 |  33.9 |      14 |       4 |  22.2
       D:10 |    2573 |    4450 |  63.4 |      34 |      10 |  22.7
       D:11 |    4241 |    1524 |  26.4 |      11 |       2 |  15.4
       D:12 |    3423 |     982 |  22.3 |      13 |       5 |  27.8
       D:13 |    8859 |       0 |   0.0 |      32 |       0 |   0.0
            +---------+---------+-------+---------+---------+-------
